MID
ATLANTA (MID) BRAVES @ GREENSBORO GRASSHOPPERS
06/16/2044
 
TOP OF THE 1ST
Atlanta (MID) Braves batting - Pitching for Greensboro Grasshoppers : RHP Glen Patterson
Pitching: RHP Glen Patterson
Batting: LHB Kevin Kantor 0-0: Ball
1-0: Called Strike
1-1: Ball
2-1: SINGLE (Groundball, 4MD, EV 96.9 MPH)
Batting: LHB Travis Lazaro 0-0: Ball
1-0: Foul Ball, location: 2F
1-1: Ball
2-1: Swinging Strike
2-2: Ball
Kevin Kantor steals 2nd base
3-2: Strikes out looking
Batting: RHB Corey Dalton 0-0: SINGLE (Line Drive, 3D, EV 93.8 MPH)
Kevin Kantor to third
Runner from 3rd tries for Home, SAFE, throw by RF to home
Pitching: LHP Nick Gore
Batting: SHB Richello Badua 0-0: 2-RUN HOME RUN (Flyball, 7LD, EV 95.0 MPH), Distance : 354 ft
Batting: RHB Mike Shook 0-0: Called Strike
0-1: Ball
1-1: Foul Ball, location: 2F
1-2: Ball
2-2: Ball
3-2: Strikes out swinging
Batting: LHB Mark Thomas 0-0: Ball
1-0: Foul Ball, location: 2F
1-1: Foul Ball, location: 2F
1-2: Ball
2-2: Strikes out swinging
Top of the 1st over - 3 runs, 3 hits, 0 errors, 0 left on base; Atlanta (MID) 3 - Greensboro 0
BOTTOM OF THE 1ST
Greensboro Grasshoppers batting - Pitching for Atlanta (MID) Braves : RHP Andy Kiefer
Pitching: RHP Andy Kiefer
Batting: RHB Torquato Obawole 0-0: SINGLE (Groundball, 34S, EV 70.6 MPH) (infield hit)
Batting: RHB Boof Howell 0-0: Ball
1-0: Called Strike
1-1: Ball
Torquato Obawole steals 2nd base
2-1: Ball
3-1: Called Strike
3-2: Strikes out looking
Batting: RHB Isaiah Brockman 0-0: Ball
1-0: Ball
2-0: Called Strike
2-1: Foul Ball, location: 2F
2-2: Ball
3-2: Foul Ball, location: 2F
3-2: Strikes out looking
Batting: RHB Jordan Arcidez 0-0: Ball
1-0: Foul Ball, location: 2F
1-1: Ball
2-1: Called Strike
2-2: Strikes out swinging
Bottom of the 1st over - 0 runs, 1 hit, 0 errors, 1 left on base; Atlanta (MID) 3 - Greensboro 0
TOP OF THE 2ND
Atlanta (MID) Braves batting - Pitching for Greensboro Grasshoppers : LHP Nick Gore
Batting: LHB Tommy Williams 0-0: Ball
1-0: Ball
2-0: Foul Ball, location: 2F
2-1: Foul Ball, location: 2F
2-2: Foul Ball, location: 2F
2-2: SINGLE (Groundball, 6M, EV 96.9 MPH)
Batting: RHB Andy Cunningham 0-0: Ball
1-0: Ball
2-0: Swinging Strike
2-1: Ball
3-1: Fly out, F9 (Flyball, 89M, EV 80.0 MPH)
Batting: RHB Nick Platt 0-0: Called Strike
0-1: Fly out, F9 (Flyball, 9D, EV 75.6 MPH)
Batting: LHB Kevin Kantor 0-0: Ball
1-0: Foul Ball, location: 2F
1-1: Fly out, F9 (Line Drive, 9D, EV 97.5 MPH)
Top of the 2nd over - 0 runs, 1 hit, 0 errors, 1 left on base; Atlanta (MID) 3 - Greensboro 0
BOTTOM OF THE 2ND
Greensboro Grasshoppers batting - Pitching for Atlanta (MID) Braves : RHP Andy Kiefer
Batting: RHB Jake Shelton 0-0: Ball
1-0: Ground out 5-3 (Groundball, 5, EV 101.9 MPH)
Batting: RHB Masumitsu Sugiura 0-0: Ball
1-0: Ball
2-0: Fly out, F7 (Flyball, 7LS, EV 95.6 MPH)
Batting: RHB Bob Raine 0-0: Ball
1-0: Called Strike
1-1: Swinging Strike
1-2: Strikes out swinging, 2-3 out at first.
Bottom of the 2nd over - 0 runs, 0 hits, 0 errors, 0 left on base; Atlanta (MID) 3 - Greensboro 0
TOP OF THE 3RD
Atlanta (MID) Braves batting - Pitching for Greensboro Grasshoppers : LHP Nick Gore
Pitching: RHP Chris Forster
Batting: LHB Travis Lazaro 0-0: Called Strike
0-1: Ground out U3 (Groundball, 34, EV 109.4 MPH)
Batting: RHB Corey Dalton 0-0: Ball
1-0: Called Strike
1-1: Ball
2-1: Ball
3-1: SINGLE (Groundball, 56D, EV 97.5 MPH)
Batting: SHB Richello Badua 0-0: Ball
1-0: Ball
2-0: Foul Ball, location: 2F
2-1: Foul Ball, location: 2F
2-2: Strikes out swinging
Batting: RHB Mike Shook 0-0: Called Strike
0-1: Ball
1-1: Ball
2-1: Foul Ball, location: 2F
2-2: Ball
3-2: Base on Balls
Corey Dalton to second
Pitching: RHP Tamirat Abboud
Batting: LHB Mark Thomas 0-0: Ball
1-0: Foul Ball, location: 2F
1-1: Ball
2-1: Called Strike
2-2: Strikes out swinging
Top of the 3rd over - 0 runs, 1 hit, 0 errors, 2 left on base; Atlanta (MID) 3 - Greensboro 0
BOTTOM OF THE 3RD
Greensboro Grasshoppers batting - Pitching for Atlanta (MID) Braves : RHP Andy Kiefer
Batting: RHB Chris Riddick 0-0: Foul Ball, location: 2F
0-1: Called Strike
0-2: Foul Ball, location: 2F
0-2: Foul Ball, location: 2F
0-2: Ball
1-2: Foul Ball, location: 2F
1-2: Ball
2-2: Ball
3-2: SINGLE (Flyball, 8LS, EV 84.4 MPH)
Batting: LHB Juan Zuniga 0-0: Called Strike
0-1: Grounds into double play, 6-4-3 (Groundball, 56, EV 90.0 MPH)
Batting: RHB Torquato Obawole 0-0: Ball
1-0: Foul Ball, location: 2F
1-1: Called Strike
1-2: Ball
2-2: Strikes out swinging
Bottom of the 3rd over - 0 runs, 1 hit, 0 errors, 0 left on base; Atlanta (MID) 3 - Greensboro 0
TOP OF THE 4TH
Atlanta (MID) Braves batting - Pitching for Greensboro Grasshoppers : RHP Tamirat Abboud
Batting: LHB Tommy Williams 0-0: Ball
1-0: DOUBLE (Line Drive, 89D, EV 99.4 MPH)
Batting: RHB Andy Cunningham 0-0: Ball
1-0: Ground out 4-3 (Groundball, 34, EV 96.2 MPH)
Tommy Williams to third
Batting: RHB Nick Platt 0-0: Called Strike
0-1: Ball
1-1: Ball
2-1: Swinging Strike
2-2: Ball
3-2: Strikes out swinging
Batting: LHB Kevin Kantor 0-0: Swinging Strike
0-1: Ball
Wild Pitch!
Tommy Williams scores
1-1: SINGLE (Line Drive, 4D, EV 96.2 MPH)
Batting: LHB Travis Lazaro 0-0: Ball
Pickoff Throw to First - Out! 1-3
Top of the 4th over - 1 run, 2 hits, 0 errors, 0 left on base; Atlanta (MID) 4 - Greensboro 0
BOTTOM OF THE 4TH
Greensboro Grasshoppers batting - Pitching for Atlanta (MID) Braves : RHP Andy Kiefer
Batting: RHB Boof Howell 0-0: Foul Ball, location: 2F
0-1: Ground out 6-3 (Groundball, 6M, EV 103.1 MPH)
Batting: RHB Isaiah Brockman 0-0: Ball
1-0: Ball
2-0: Called Strike
2-1: Foul Ball, location: 2F
2-2: SINGLE (Line Drive, 78S, EV 112.5 MPH)
Batting: RHB Jordan Arcidez 0-0: Called Strike
0-1: Ball
1-1: Swinging Strike
1-2: Foul Ball, location: 2F
1-2: Strikes out swinging
Batting: RHB Jake Shelton 0-0: Ball
Passed Ball!
Isaiah Brockman to second
1-0: Ball
2-0: Called Strike
2-1: Foul Ball, location: 2F
2-2: Ball
3-2: Foul Ball, location: 2F
3-2: Strikes out swinging
Bottom of the 4th over - 0 runs, 1 hit, 0 errors, 1 left on base; Atlanta (MID) 4 - Greensboro 0
TOP OF THE 5TH
Atlanta (MID) Braves batting - Pitching for Greensboro Grasshoppers : RHP Tamirat Abboud
Batting: LHB Travis Lazaro 0-0: Foul Ball, location: 2F
0-1: Foul Ball, location: 2F
0-2: Foul Ball, location: 2F
0-2: Ball
1-2: Foul Ball, location: 2F
1-2: Foul Ball, location: 2F
1-2: Fly out, F7 (Flyball, 7D, EV 98.1 MPH)
Pitching: RHP Marco Quezada
Batting: RHB Corey Dalton 0-0: SINGLE (Line Drive, 9S, EV 93.8 MPH)
Batting: SHB Richello Badua 0-0: Called Strike
0-1: Foul Ball, location: 2F
0-2: Ball
1-2: Foul Ball, location: 2F
1-2: Foul Ball, location: 2F
1-2: Foul Ball, location: 2F
1-2: Fielders Choice at 2nd, 4-6 (Groundball, 4, EV 101.9 MPH)
Batting: RHB Mike Shook 0-0: Ball
1-0: SINGLE (Line Drive, 9LS, EV 93.1 MPH)
Richello Badua to second
Runner from 2nd tries for 3rd, SAFE, throw by RF made to third
Batting: LHB Mark Thomas 0-0: Called Strike
0-1: Ball
1-1: Called Strike
1-2: Fly out, F8 (Flyball, 8LXD, EV 102.5 MPH)
Top of the 5th over - 0 runs, 2 hits, 0 errors, 2 left on base; Atlanta (MID) 4 - Greensboro 0
BOTTOM OF THE 5TH
Greensboro Grasshoppers batting - Pitching for Atlanta (MID) Braves : RHP Andy Kiefer
Batting: RHB Masumitsu Sugiura 0-0: Foul Ball, location: 2F
0-1: Ball
1-1: Foul Ball, location: 2F
1-2: Strikes out swinging, 2-3 out at first.
Batting: RHB Bob Raine 0-0: Ground out 5-3 (Groundball, 56S, EV 65.6 MPH)
Batting: RHB Chris Riddick 0-0: Ball
1-0: Foul Ball, location: 2F
1-1: Called Strike
1-2: Fly out, F9 (Flyball, 9LS, EV 91.2 MPH)
Bottom of the 5th over - 0 runs, 0 hits, 0 errors, 0 left on base; Atlanta (MID) 4 - Greensboro 0
TOP OF THE 6TH
Atlanta (MID) Braves batting - Pitching for Greensboro Grasshoppers : RHP Marco Quezada
Batting: LHB Tommy Williams 0-0: Ball
1-0: Ground out 6-3 (Groundball, 6, EV 103.1 MPH)
Batting: RHB Andy Cunningham 0-0: Called Strike
0-1: Ball
1-1: Fly out, F8 (Line Drive, 8LD, EV 103.1 MPH)
Batting: RHB Nick Platt 0-0: Foul Ball, location: 2F
0-1: Ball
1-1: Fly out, F8 (Line Drive, 8RM, EV 93.1 MPH)
Top of the 6th over - 0 runs, 0 hits, 0 errors, 0 left on base; Atlanta (MID) 4 - Greensboro 0
BOTTOM OF THE 6TH
Greensboro Grasshoppers batting - Pitching for Atlanta (MID) Braves : RHP Andy Kiefer
Batting: LHB Juan Zuniga 0-0: SINGLE (Groundball, 56D, EV 107.5 MPH)
Batting: RHB Torquato Obawole 0-0: Ball
1-0: Ball
2-0: Ball
3-0: Called Strike
3-1: Fielders Choice at 2nd, 3-6 (Groundball, 3, EV 83.1 MPH)
Batting: RHB Boof Howell 0-0: Ball
1-0: Swinging Strike
1-1: Swinging Strike
Passed Ball!
Torquato Obawole to second
1-2: Reached on error, E6 (Groundball, 6, EV 84.4 MPH)
Torquato Obawole to third
Batting: RHB Isaiah Brockman 0-0: Ball
1-0: Ball
2-0: Ball
Wild Pitch!
Torquato Obawole scores
Boof Howell to second
3-0: Called Strike
3-1: Ground out 5-3 (Groundball, 56, EV 110.0 MPH)
Pitching: RHP Craig Goguen
Batting: RHB Jordan Arcidez 0-0: Ball
1-0: Called Strike
1-1: Ground out 6-3 (Groundball, 6, EV 102.5 MPH)
Bottom of the 6th over - 1 run, 1 hit, 1 error, 1 left on base; Atlanta (MID) 4 - Greensboro 1
TOP OF THE 7TH
Atlanta (MID) Braves batting - Pitching for Greensboro Grasshoppers : RHP Marco Quezada
Pitching: RHP Wei-guo Tsu
Batting: LHB Kevin Kantor 0-0: Ground out 5-3 (Groundball, 5, EV 83.1 MPH)
Batting: LHB Travis Lazaro 0-0: Ball
1-0: Ball
2-0: Called Strike
2-1: Ball
3-1: Fly out, F9 (Flyball, 9, EV 88.8 MPH)
Batting: RHB Corey Dalton 0-0: Foul Ball, location: 2F
0-1: Fly out, F8 (Flyball, 89D, EV 111.2 MPH)
Top of the 7th over - 0 runs, 0 hits, 0 errors, 0 left on base; Atlanta (MID) 4 - Greensboro 1
BOTTOM OF THE 7TH
Greensboro Grasshoppers batting - Pitching for Atlanta (MID) Braves : RHP Craig Goguen
Batting: RHB Jake Shelton 0-0: Swinging Strike
0-1: Ball
1-1: Ball
2-1: Ground out 6-3 (Groundball, 56, EV 89.4 MPH)
Batting: RHB Masumitsu Sugiura 0-0: Ball
1-0: Foul Ball, location: 2F
1-1: Hit by Pitch
Batting: RHB Bob Raine 0-0: Ball
1-0: Foul Ball, location: 2F
1-1: Foul Ball, location: 2F
1-2: Foul Ball, location: 2F
1-2: Strikes out looking
Batting: RHB Chris Riddick 0-0: DOUBLE (Line Drive, 89M, EV 109.4 MPH)
Masumitsu Sugiura to third
Runner from 3rd tries for Home, SAFE, throw by RF to home
Batting: LHB Juan Zuniga 0-0: Ball
1-0: SINGLE (Groundball, 4, EV 97.5 MPH)
Chris Riddick to third
Runner from 3rd tries for Home, SAFE, throw by CF to home
Batting: RHB Torquato Obawole 0-0: Foul Ball, location: 2F
0-1: Called Strike
0-2: Hit by Pitch
Juan Zuniga to second
Batting: RHB Boof Howell 0-0: Called Strike
0-1: SINGLE (Line Drive, 8RM, EV 106.2 MPH)
Juan Zuniga to third
Torquato Obawole to second
Runner from 3rd tries for Home, SAFE, throw by RF to home
Batting: RHB Isaiah Brockman 0-0: Called Strike
0-1: Swinging Strike
0-2: Ball
1-2: Strikes out looking
Bottom of the 7th over - 3 runs, 3 hits, 0 errors, 2 left on base; Atlanta (MID) 4 - Greensboro 4
TOP OF THE 8TH
Atlanta (MID) Braves batting - Pitching for Greensboro Grasshoppers : RHP Wei-guo Tsu
Batting: SHB Richello Badua 0-0: Called Strike
0-1: Ball
1-1: Swinging Strike
1-2: Ball
2-2: Ball
3-2: Ground out 6-3 (Groundball, 6M, EV 76.9 MPH)
Batting: RHB Mike Shook 0-0: Foul Ball, location: 2F
0-1: Foul Ball, location: 2F
0-2: Ball
1-2: Strikes out swinging
Pitching: LHP Joe Foster
Batting: LHB Mark Thomas 0-0: Called Strike
0-1: Swinging Strike
0-2: Ball
1-2: Hit by Pitch
Batting: LHB Tommy Williams 0-0: Fielders Choice at 2nd, 6-4 (Groundball, 6, EV 76.2 MPH)
Top of the 8th over - 0 runs, 0 hits, 0 errors, 1 left on base; Atlanta (MID) 4 - Greensboro 4
BOTTOM OF THE 8TH
Greensboro Grasshoppers batting - Pitching for Atlanta (MID) Braves : RHP Craig Goguen
Pitching: RHP Todd Cox
Batting: RHB Jordan Arcidez 0-0: Called Strike
0-1: Called Strike
0-2: Strikes out swinging
Batting: RHB Jake Shelton 0-0: Called Strike
0-1: Swinging Strike
0-2: Ball
1-2: Strikes out swinging
Batting: RHB Masumitsu Sugiura 0-0: Hit by Pitch
Batting: RHB Bob Raine 0-0: Ball
Masumitsu Sugiura steals 2nd base
1-0: Ground out 6-3 (Groundball, 6, EV 93.8 MPH)
Bottom of the 8th over - 0 runs, 0 hits, 0 errors, 1 left on base; Atlanta (MID) 4 - Greensboro 4
TOP OF THE 9TH
Atlanta (MID) Braves batting - Pitching for Greensboro Grasshoppers : LHP Joe Foster
Batting: RHB Andy Cunningham 0-0: Called Strike
0-1: Ball
1-1: SINGLE (Flyball, 34D, EV 93.8 MPH)
Batting: RHB Nick Platt 0-0: Called Strike
0-1: Grounds into double play, 4-6-3 (Groundball, 4, EV 90.0 MPH)
Batting: LHB Kevin Kantor 0-0: Ball
1-0: Swinging Strike
1-1: Swinging Strike
1-2: Strikes out swinging
Top of the 9th over - 0 runs, 1 hit, 0 errors, 0 left on base; Atlanta (MID) 4 - Greensboro 4
BOTTOM OF THE 9TH
Greensboro Grasshoppers batting - Pitching for Atlanta (MID) Braves : RHP Todd Cox
Batting: RHB Chris Riddick 0-0: Ball
1-0: Ball
2-0: Called Strike
2-1: Ball
3-1: Foul Ball, location: 2F
3-2: Strikes out swinging
Batting: LHB Juan Zuniga 0-0: Swinging Strike
0-1: Foul Ball, location: 2F
0-2: Foul Ball, location: 2F
0-2: Ball
1-2: Ball
2-2: Strikes out swinging
Batting: RHB Torquato Obawole 0-0: Ground out 6-3 (Groundball, 6M, EV 97.5 MPH)
Bottom of the 9th over - 0 runs, 0 hits, 0 errors, 0 left on base; Atlanta (MID) 4 - Greensboro 4
TOP OF THE 10TH
Atlanta (MID) Braves batting - Pitching for Greensboro Grasshoppers : LHP Joe Foster
Batting: LHB Travis Lazaro 0-0: Foul Ball, location: 2F
0-1: Called Strike
0-2: Ball
1-2: Ball
2-2: Ball
3-2: Ground out 6-3 (Groundball, 6, EV 86.9 MPH)
Pitching: RHP Reinaart Meyer
Batting: RHB Corey Dalton 0-0: Ball
1-0: Reached on error, E6 (Groundball, 6, EV 100.6 MPH)
Batting: SHB Richello Badua 0-0: Intentional Walk
Batting: RHB Mike Shook 0-0: Called Strike
0-1: Ball
1-1: DOUBLE (Line Drive, 9LS, EV 97.5 MPH)
Corey Dalton scores
Richello Badua to third
Batting: LHB Mark Thomas 0-0: Called Strike
0-1: Ball
1-1: Called Strike
1-2: Strikes out swinging
Batting: LHB Tommy Williams 0-0: Ball
1-0: Called Strike
1-1: Ball
2-1: Ball
3-1: Foul Ball, location: 2F
3-2: Base on Balls
Batting: RHB Andy Cunningham 0-0: Called Strike
0-1: Ball
1-1: Foul Ball, location: 2F
1-2: Strikes out looking
Top of the 10th over - 1 run, 1 hit, 1 error, 3 left on base; Atlanta (MID) 5 - Greensboro 4
BOTTOM OF THE 10TH
Greensboro Grasshoppers batting - Pitching for Atlanta (MID) Braves : RHP Todd Cox
Pitching: RHP Jeff Heaster
Batting: RHB Boof Howell 0-0: Ball
1-0: Called Strike
1-1: Foul Ball, location: 2F
1-2: Strikes out swinging
Batting: RHB Isaiah Brockman 0-0: Swinging Strike
0-1: Ground out 6-3 (Groundball, 56S, EV 69.4 MPH)
Batting: RHB Jordan Arcidez 0-0: Ground out 5-3 (Groundball, 5, EV 109.4 MPH)
Bottom of the 10th over - 0 runs, 0 hits, 0 errors, 0 left on base; Atlanta (MID) 5 - Greensboro 4
Thursday, March 31st , 2022 - OOTP Baseball 22.12 Build 89